Unix NetHack Version 3.7.0-83 Work-in-progress - last build Apr 28 2023 12:05:44 (2625824c38750939014cf799bb7ff71c9e9c2d48,branch:master). Game began 2023-05-05 17:35:16, ended 2023-05-05 18:14:48. tromix, lawful male human Priest --- --.-- |...| |...| -.|.-- |..|..-- ..---..| .... --.|---------- ..... |.||..|.@|.>--- ..^.) |.--..GG..G...| .....|. |..G..........| .....--.(............|.|..| ..... |.............-----.... |...................|.| ....| -..................-|.| ...-- -..................--|.- -.-- ...........|.........- |. .| ..... ----.-- --.---..-- --- -- --- -- -- --- Tromix the Acolyte St:11 Dx:9 Co:16 In:12 Wi:17 Ch:12 Lawful Dlvl:5 $:59 HP:0(28) Pw:48(48) AC:3 Exp:3 T:1810 Burdened Latest messages: The kobold misses! You kill the kobold! You see here 11 darts. You have a little trouble lifting C - 11 darts. You swap places with your kitten. You see here a dart. You have a little trouble lifting C - a dart (12 in total). You see here a dart. You have a little trouble lifting C - a dart (13 in total). You drop 2 daggers. What do you want to ready? [- $C or ?*] V You don't have that object. What do you want to ready? [- $C or ?*] C C - 13 darts (at the ready). You swap places with your kitten. The kitten drops a dagger. The kitten drops a dagger. You see here a dagger. You swap places with your kitten. There is nothing here to pick up. You see here 16 gold pieces. You have a little trouble lifting $ - 16 gold pieces (59 in total). You fall down the stairs. You see here a carrot. You have a little trouble lifting D - a carrot. The gnome wields a thonged club! You can't go up here. You fall down the stairs. You climb up the stairs. The gnome swings his thonged club. The gnome hits! You kill the gnome! You see here a thonged club. You see here 6 rocks. You hit the gnome lord! The gnome lord hits! The gnome hits! The gnome lord hits! You see here 6 rocks. The gnome lord picks up 6 rocks. The gnome wields a thonged club! The gnome swings her thonged club. The gnome hits! The gnome swings her thonged club. The gnome misses! The gnome swings her thonged club. The gnome hits! You die... Do you want your possessions identified? [ynq] (y) y Do you want to see your attributes? [ynq] (y) q Inventory: Coins $ - 59 gold pieces Weapons C - 13 +0 darts (at the ready) a - a blessed +1 mace (weapon in hand) Armor c - a +0 small shield (being worn) b - a +0 robe (being worn) s - a +0 scale mail (being worn) Comestibles y - 2 slime molds D - a carrot e - 2 cloves of garlic f - a sprig of wolfsbane Scrolls A - a cursed scroll of confuse monster r - a scroll of identify B - a scroll of magic mapping m - a cursed scroll of magic mapping v - a scroll of scare monster Spellbooks n - a spellbook of cause fear h - a spellbook of create monster w - a spellbook of knock g - a spellbook of protection Potions t - a cursed potion of healing k - a potion of invisibility j - a potion of restore ability i - a potion of see invisible d - 4 potions of holy water x - a potion of water Rings l - a ring of free action o - a ring of teleport control Wands p - a wand of striking (0:5) Tromix the Priest's attributes: Background: You were an Acolyte, a level 3 human Priest. You were lawful, nominally on a mission for Mercury who was opposed by Venus (neutral) and Mars (chaotic). You were in the Gnomish Mines, on level 5. You entered the dungeon 1810 turns ago. There was a full moon in effect when your adventure ended. You had 62 experience points, 18 more were needed to attain level 4. Basics: You had 0 out of 28 hit points. You had all 48 energy points (spell power). Your armor class was 3. Your wallet contained 59 zorkmids. Autopickup was off. Final Characteristics: Your strength was 11 (limit:18/100). Your dexterity was 9 (limit:18). Your constitution was 16 (limit:18). Your intelligence was 12 (limit:18). Your wisdom was 17 (limit:18). Your charisma was 12 (limit:18). Final Status: You were not hungry. You were burdened; movement was slightly slowed. You were wielding a mace. You had basic skill with mace. Final Attributes: You were devoutly aligned. You were guarded. You were lucky. You are dead. Miscellaneous: You disabled loading of bones levels. Total elapsed playing time was 36 minutes and 37 seconds. Major events: Turn 1: tromix the lawful human Priest entered the dungeon 1254: attained the rank of Acolyte (level 3) 1753: entered the Gnomish Mines 1810: killed by a gnome Vanquished creatures: a hobbit 2 gnomes a garter snake 3 geckos 8 jackals a fox a kobold 3 sewer rats 6 grid bugs 3 lichens 3 newts 32 creatures vanquished. No species were genocided or became extinct. Voluntary challenges: You were an atheist. You read items or engraved 2 times. You never engraved Elbereth. You never genocided any monsters. You never polymorphed an object. You never changed form. You used no wishes. Achievements: You attained the rank of Acolyte. You entered the Gnomish Mines. The Dungeons of Doom: levels 1 to 4 Level 1: A fountain, a sink. Level 2: A fountain. Level 3: Level 4: A fountain. Stairs down to The Gnomish Mines. The Gnomish Mines: levels 5 to 6 Level 5: <- You were here. Final resting place for you, killed by a gnome. Level 6: Game over: ---------- / \ / REST \ / IN \ / PEACE \ / \ | tromix | | 59 Au | | killed by a | | gnome | | | | | | 2023 | *| * * * | * _________)/\\_//(\/(/\)/\//\/|_)_______ Goodbye tromix the Priest... You died in The Gnomish Mines on dungeon level 5 with 552 points, and 59 pieces of gold, after 1810 moves. You were level 3 with a maximum of 28 hit points when you died.